Map: Ascension to Aiur LE

Players

Willy

  • Race: Terran Terran
  • League: Master
  • Spawn Location: 11:00

akira - Winner!

  • Race: Protoss Protoss
  • League: Master
  • Spawn Location: 5:00

VOD

Have the link to the VOD?

Description

Time

  • Played on: Oct. 27, 2017, 1:32 p.m.
  • Length: 16:31
Show
View Real Time Build Order
Export as new Build Order

Willy Terran 

Build Orders: MMM Bio 

Get SALT Encoding   

  12  0:02  SCV  
  13  0:14  SCV  
  13  0:20  Supply Depot  
  14  0:26  SCV  
  15  0:32  Refinery  
  15  0:41  SCV  
  16  0:47  Barracks  
  16  0:53  SCV  
  17  1:05  SCV  
  18  1:18  SCV  
  20  1:34  Reaper  
  20  1:36  Orbital Command  
  20  1:47  Command Center  
  20  2:01  Factory  
  20  2:04  SCV  
  21  2:16  Supply Depot  
  21  2:17  Barracks Reactor  
  21  2:22  SCV  
  22  2:24  Refinery  
  22  2:34  SCV  
  23  2:46  SCV  
  24  2:53  Marine x2  
  24  2:55  Starport  
  24  2:56  Widow Mine  
  28  3:00  Orbital Command  
  28  3:03  SCV  
  29  3:14  Marine x2  
  29  3:15  SCV  
  32  3:25  Widow Mine  
  33  3:35  Medivac  
  33  3:36  SCV x2  
  33  3:37  Marine x2  
  39  3:48  SCV x2  
  39  3:55  Marine x2  
  43  4:03  SCV x2  
  43  4:06  Supply Depot  
  43  4:07  Supply Depot  
  43  4:09  Factory Tech Lab  
  45  4:11  Starport Tech Lab  
  45  4:15  SCV  
  46  4:25  Barracks  
  46  4:28  SCV x2  
  46  4:30  Barracks  
  48  4:37  Factory Reactor  
  48  4:40  SCV x2, Stimpack  
  48  4:41  Starport Reactor  
  50  4:52  SCV x2  
  50  5:01  Engineering Bay  
  50  5:02  Supply Depot x2  
  50  5:04  SCV x2  
  50  5:14  Widow Mine x2  
  50  5:16  SCV x2  
  50  5:19  Supply Depot x2  
  50  5:21  Medivac  
  58  5:28  SCV x2  
  58  5:30  Refinery  
  58  5:33  Liberator  
  60  5:37  Marine  
  60  5:38  Marauder x2, Marine, Combat Shields  
  60  5:41  Terran Infantry Weapons Level 1  
  66  5:52  SCV x2  
  66  5:56  Supply Depot  
  65  6:04  SCV x2  
  65  6:07  Marauder  
  65  6:08  Marine  
  65  6:09  Marine  
  65  6:10  Marine  
  72  6:14  Command Center  
  72  6:15  Widow Mine  
  74  6:20  Refinery  
  74  6:21  SCV  
  76  6:26  Marine  
  76  6:27  Marine x2  
  76  6:29  Marauder  
  80  6:34  Barracks  
  80  6:36  Barracks  
  80  6:37  SCV  
  81  6:40  Supply Depot  
  81  6:42  SCV  
  81  6:44  Marine  
  81  6:45  Marine  
  81  6:46  Marauder  
  86  6:48  Medivac  
  86  6:49  SCV, Medivac  
  91  6:55  Marine  
  91  6:57  Armory  
  92  7:04  Marine x2  
  92  7:07  Marauder  
  96  7:13  Marine  
  97  7:19  Supply Depot  
  97  7:20  Supply Depot  
  97  7:21  Supply Depot  
  97  7:22  SCV, Marine  
  99  7:25  Marine  
  99  7:29  Marauder  
  99  7:31  Marine  
  99  7:33  Engineering Bay  
  99  7:35  SCV, Terran Infantry Armor Level 1  
  97  7:38  Orbital Command  
  97  7:41  SCV  
  92  7:48  SCV, Widow Mine x2  
  92  7:50  Liberator  
  97  7:53  SCV, Missile Turret  
  97  7:54  Marauder  
  97  7:56  Barracks Reactor x2  
  100  7:59  Liberator  
  100  8:00  SCV, Concussive Shells  
  100  8:04  Marine x2  
  100  8:05  Marauder  
  106  8:13  SCV x2  
  106  8:14  SCV  
  106  8:15  Marine  
  106  8:19  Terran Infantry Weapons Level 2  
  113  8:25  SCV x2  
  115  8:30  Marine  
  115  8:31  Marauder, Marine  
  115  8:33  Marine  
  120  8:37  Liberator  
  120  8:38  Marine  
  120  8:39  Marine  
  120  8:40  Marine  
  123  8:42  Liberator  
  123  8:47  Marine  
  123  8:48  Marine  
  123  8:50  Widow Mine x2  
  123  8:51  Marauder  
  123  8:52  Marauder, Marine  
  130  9:03  SCV x2  
  128  9:11  Marine  
  128  9:12  Marauder, Marine x3  
  128  9:14  Marauder  
  134  9:17  SCV  
  134  9:20  Fusion Core  
  134  9:22  SCV x2  
  137  9:32  Marine x2  
  137  9:34  Marauder  
  137  9:35  Marauder  
  142  9:44  Marine x2  
  141  9:46  Marine, Widow Mine x2  
  141  9:48  Marine  
  141  9:50  Marine  
  146  9:53  Medivac x2  
  146  9:55  Marauder  
  146  9:56  Marauder  
  137  10:13  SCV x2  
  139  10:15  Refinery  
  139  10:16  Command Center, Starport, Marine, Refinery  
  139  10:17  Marauder, Supply Depot  
  139  10:18  Marauder  
  134  10:22  Medivac  
  134  10:23  Medivac  
  134  10:27  SCV  
  134  10:28  SCV x2  
  141  10:29  Terran Infantry Armor Level 2  
  139  10:35  Widow Mine  
  139  10:36  Widow Mine  
  139  10:37  Liberator x2  
  139  10:42  Marine x2  
  140  10:43  Marauder, Marine  
  145  10:56  Starport Tech Lab  
  151  11:02  Supply Depot  
  151  11:03  Supply Depot x2  
  150  11:04  Barracks  
  150  11:07  Marauder, Marine x3  
  150  11:09  Marine x2  
  150  11:24  Marauder, Marine x2  
  154  11:28  Marauder  
  156  11:33  Marine  
  156  11:34  Marine x3  
  156  11:35  Advanced Ballistics  
  158  11:42  Marine x2  
  158  11:46  Marauder  
  146  11:50  Marauder  
  146  11:52  Marine x2  
  146  12:07  SCV x2, Marauder  
  128  12:22  Marine  
  128  12:23  Marauder, Marine  
  128  12:24  SCV x2  
  133  12:30  Marine  
  133  12:31  Marauder  
  136  12:39  Barracks Tech Lab  
  132  12:48  Marine x2  
  132  12:49  Marauder  
  123  12:53  Widow Mine x2  
  123  12:58  Liberator x2  
  126  13:04  SCV x2  
  128  13:09  Marine  
  129  13:20  Liberator  
  129  13:22  Widow Mine  
  129  13:25  SCV x2  
  131  13:36  Widow Mine  
  131  13:39  Marine  
  131  13:40  Liberator, Marine  
  136  13:49  Marauder  
  136  13:50  Marauder  
  138  13:58  Widow Mine  
  143  14:04  Widow Mine  
  145  14:11  Marauder  
  145  14:12  Marauder, Marine  
  150  14:30  Command Center  
  150  14:33  Marauder  
  150  14:36  Marauder  
  126  14:52  SCV x2  
  124  14:53  Marine x2  
  124  14:54  Marauder  
  112  15:00  Marauder, Marine  
  112  15:02  Marine  
  112  15:03  Marine  
  112  15:06  Marine  
  73  15:15  Marine x2  
  73  15:16  Marauder  
  73  15:19  Marine  
  55  15:25  Medivac  
  37  15:59  Marine  
Show
View Real Time Build Order
Export as new Build Order

akira Protoss - Winner!

Build Orders: 1 Gate Expand 

Get SALT Encoding   

  12  0:01  Probe (Chrono Boost)  
  13  0:11  Probe (Chrono Boost)  
  14  0:18  Pylon  
  14  0:22  Probe (Chrono Boost)  
  15  0:36  Probe (Chrono Boost)  
  15  0:37  Gateway  
  16  0:47  Probe (Chrono Boost)  
  17  0:52  Assimilator  
  17  0:57  Probe (Chrono Boost)  
  18  1:08  Probe (Chrono Boost)  
  19  1:20  Nexus  
  20  1:29  Cybernetics Core  
  20  1:32  Probe (Chrono Boost)  
  20  1:42  Assimilator  
  20  1:43  Probe (Chrono Boost)  
  21  1:52  Pylon  
  21  1:54  Probe (Chrono Boost)  
  22  2:06  Warp Gate  
  22  2:08  Probe (Chrono Boost)  
  22  2:10  Adept (Chrono Boost)  
  25  2:20  Probe  
  26  2:24  Robotics Facility  
  26  2:31  Probe (Chrono Boost)  
  26  2:32  Probe (Chrono Boost)  
  26  2:35  Adept  
  30  2:43  Probe (Chrono Boost)  
  31  2:48  Probe (Chrono Boost)  
  32  2:54  Mothership Core (Chrono Boost)  
  34  2:59  Probe (Chrono Boost)  
  35  3:09  Probe (Chrono Boost)  
  35  3:12  Probe (Chrono Boost)  
  37  3:15  Observer (Chrono Boost)  
  37  3:17  Gateway  
  38  3:20  Gateway, Probe (Chrono Boost)  
  38  3:21  Probe (Chrono Boost)  
  40  3:31  Probe x2  
  42  3:39  Observer (Chrono Boost)  
  43  3:42  Probe  
  43  3:43  Probe  
  43  3:45  Twilight Council  
  45  3:52  Probe  
  46  3:58  Probe  
  46  3:59  Observer (Chrono Boost)  
  46  4:02  Pylon  
  46  4:12  Assimilator  
  46  4:15  Forge  
  46  4:16  Assimilator  
  46  4:20  Probe x2  
  46  4:22  Blink (Chrono Boost), Pylon  
  46  4:23  Warp Prism (Chrono Boost)  
  48  4:31  Stalker x2  
  52  4:38  Pylon  
  54  4:40  Probe x2  
  54  4:43  Stalker  
  58  4:48  Pylon  
  58  4:52  Probe  
  59  4:54  Probe  
  60  5:04  Probe  
  61  5:08  Stalker  
  61  5:09  Stalker x2  
  65  5:15  Probe  
  65  5:21  Nexus  
  66  5:23  Pylon  
  66  5:27  Probe  
  67  5:30  Immortal  
  67  5:31  Probe  
  72  5:39  Sentry x3  
  78  5:45  Pylon  
  78  5:49  Pylon  
  78  6:03  Probe x2  
  80  6:06  Immortal  
  80  6:10  Resonating Glaives (Chrono Boost)  
  80  6:12  Adept x3  
  80  6:15  Protoss Ground Weapons Level 1  
  90  6:20  Gateway  
  90  6:26  Gateway  
  90  6:31  Probe x2  
  91  6:33  Probe  
  93  6:40  Gateway x2  
  93  6:46  Pylon  
  93  6:53  Probe x2  
  95  6:57  Adept x3  
  100  7:02  Templar Archives  
  100  7:03  Probe  
  100  7:05  Probe  
  102  7:09  Probe  
  102  7:11  Pylon  
  102  7:13  Probe, Pylon  
  100  7:18  Probe  
  100  7:21  Probe  
  98  7:25  Probe  
  93  7:30  Probe  
  93  7:33  Probe  
  93  7:36  Probe  
  93  7:42  Psionic Storm, Probe  
  95  7:49  Assimilator  
  95  7:52  Adept x2  
  95  7:53  Assimilator, Adept x3  
  95  7:55  High Templar  
  107  8:02  High Templar  
  105  8:13  Probe  
  105  8:17  Protoss Ground Weapons Level 2 (Chrono Boost)  
  105  8:18  Probe  
  107  8:22  Adept  
  109  8:29  Adept x2  
  109  8:34  Probe  
  109  8:36  Adept x2  
  111  8:52  Probe  
  112  8:56  Probe  
  112  8:57  Probe  
  112  9:01  High Templar  
  116  9:08  Probe  
  116  9:09  Probe  
  116  9:16  Pylon  
  112  9:17  Pylon  
  112  9:24  Pylon  
  112  9:25  Adept  
  112  9:26  Adept  
  115  9:32  Pylon  
  115  9:34  Pylon  
  109  9:44  Stalker x3  
  109  9:45  Probe  
  106  9:48  Probe  
  106  9:52  Probe  
  104  9:57  Probe  
  95  10:01  Probe  
  95  10:03  Probe  
  97  10:09  Probe  
  98  10:15  Probe  
  98  10:16  Adept x4  
  98  10:17  Probe  
  108  10:28  Stalker x2  
  108  10:29  Stalker  
  108  10:30  Mothership Core  
  108  10:33  Protoss Ground Weapons Level 3 (Chrono Boost)  
  117  10:35  Probe  
  117  10:39  Robotics Bay  
  117  10:40  Adept x4  
  125  10:56  Adept x3  
  130  11:13  Gateway  
  130  11:14  Gateway  
  130  11:15  High Templar  
  130  11:16  Adept x3, Gateway  
  130  11:17  Adept x3  
  144  11:19  Gateway  
  144  11:20  Probe  
  145  11:27  Photon Cannon  
  145  11:38  Probe x2  
  142  11:57  Adept x4  
  142  11:58  Adept  
  146  12:02  Pylon  
  146  12:04  Pylon  
  146  12:05  Adept x2  
  146  12:06  Pylon  
  146  12:10  Probe  
  146  12:11  Probe  
  146  12:15  High Templar, Probe  
  128  12:16  High Templar  
  125  12:23  Probe  
  125  12:26  Stalker  
  125  12:27  Stalker x5  
  130  12:30  Probe  
  131  12:55  Probe x2  
  131  13:03  Probe  
  130  13:07  Probe  
  130  13:10  Adept x6  
  130  13:11  Adept x2  
  147  13:21  High Templar x2  
  147  13:22  Colossus, High Templar  
  153  13:34  Adept x3  
  159  13:55  High Templar x2  
  161  14:02  Probe  
  163  14:07  Pylon  
  163  14:09  Pylon  
  164  14:10  Pylon  
  164  14:11  Pylon  
  164  14:14  Observer  
  165  14:21  Nexus  
  165  14:26  Adept x4  
  165  14:28  Adept x4  
  165  14:29  Adept  
  155  14:52  Adept x4  
  161  14:53  Adept x4  
  128  15:36  Stalker x5  
  128  15:37  Stalker x4  
  146  15:54  Archon x2  
  142  16:01  Adept x5, Stalker  
  142  16:02  Stalker  
  142  16:18  Pylon  
Tags
 
Add a new tag
Caveats
  • Supply blocks, unpowered buildings, or Contaminate may cause inaccurate times.
  • Supply counts are checked every 10 seconds.